cohdb
Replays
Latest Replays
All Replays
Popular Replays
Top Player Replays
Match Explorer
How It Works
Community
CoH3 Stats
Reddit
Sign in to upload your games and track your stats! →
Sign in with Steam
Match 38444718
Unlisted
Match 38444718
Overview
Messages
Build Orders
End
Kradschützen Motorcycle Team
Panzerpioneer Squad
Panzerpioneer Squad
Construct Light Support Kompanie
MG34 Team
Construct Mechanized Kompanie
Panzerjäger Mechanized Group
Assault Grenadier Squad
8 Rad Armored Car
Selects Armored Support Battlegroup
Selects Superior Fire Drills
8 Rad Armored Car
Panzerjäger Squad
Vehicle Survival Package
2.5-tonne Medical Truck
Construct Panzerarmee Kommand
Panzer III L Medium Tank
Emergency Repair Kits
Selects Salvage Kits
Selects Panzer Storm
Selects Stuka Anti-tank Loiter
Panzer III L Medium Tank
Stuka Anti-tank Loiter
Walking Stuka Rocket Launcher
Selects Flammpanzer III Medium Tank
Flak 36 Anti-tank Gun Team
Support Armor Elements
只愛❤毛妹
Baskervilles Blackdog
0
0
Comments
sign in to comment!
No comments posted yet!